 Dungeon Crawl Stone Soup version 0.30.0-29-ga12c61a403 (webtiles) character file.

Game seed: 6083299015405543432

690 LustLizard the Ruffian (level 7, -10/49 HPs)
             Began as an Octopode Berserker on June 15, 2023.
             Was a Priest of Trog.
             Splashed by a jelly's acid (11 damage)
             ... on level 6 of the Dungeon.
             The game lasted 00:04:15 (4392 turns).

LustLizard the Ruffian (Octopode Berserker)         Turns: 4392, Time: 00:04:16

Health: -10/49     AC: -15   Str: 18    XL:     7   Next: 63%
Magic:  7/7        EV: 14    Int:  9    God:    Trog [***...]
Gold:   212        SH:  0    Dex: 12    Spells: 6/6 levels left

rFire   . .          .
                       - Unarmed
rCold   + . .        (no shield)
rNeg    . . .        (helmet restricted)
rPois   .            (no amulet)
rElec   .            t - ring of protection from cold
rCorr   .            (no ring)
SInv    .            (no ring)
Will    .....        (no ring)
Stlth   ++++         (no ring)
HPRegen 0.28/turn    (no ring)
MPRegen 0.10/turn    (no ring)
                     (no ring)

%: no passive effects
@: corroded
A: almost no armour, amphibious, 8 rings, camouflage 1, gelatinous body 1,
(nimble swimmer 1), tentacles
a: Renounce Religion, Berserk, Trog's Hand


You were on level 6 of the Dungeon.
You worshipped Trog.
Trog was most pleased with you.
You visited 1 branch of the dungeon, and saw 6 of its levels.

You collected 355 gold pieces.
You spent 143 gold pieces at shops.

Inventory:

Missiles
 a - 35 stones (quivered)
 i - 2 poisoned darts
 o - 2 atropa-tipped darts
Jewellery
 t - a ring of protection from cold (left tentacle)
Scrolls
 f - a scroll of fog
 j - 2 scrolls of teleportation
 l - a scroll of vulnerability {unknown}
 n - 3 scrolls of identify {unknown}
Potions
 b - a potion of invisibility
 c - a potion of lignification {unknown}
 d - a potion of curing {unknown}
 e - a potion of magic {unknown}
 h - 2 potions of attraction {unknown}
 k - a potion of might {unknown}
 m - 2 potions of haste {unknown}
 p - a potion of mutation {unknown}
 q - a potion of degeneration
 r - 4 potions of heal wounds
 s - a potion of ambrosia {unknown}


   Skills:
 + Level 4.6 Fighting
 + Level 4.7 Dodging
 + Level 4.9 Stealth
 * Level 5.9 Unarmed Combat


You had 6 spell levels left.
You didn't know any spells.
Your spell library was empty.

Dungeon Overview and Level Annotations

Branches:
Dungeon (6/15)
 Temple: D:4-7

Altars:
Gozag
Uskayaw
Zin

Shops:
D:3 !

Annotations:
D:6 1 transporter, Sigmund


Innate Abilities, Weirdness & Mutations

You cannot wear most types of armour.
You are amphibious.
You can wear up to eight rings at the same time.
Your skin changes colour to match your surroundings (Stealth+).
Your rubbery body absorbs attacks. (AC +1, EV +1)
((You are camouflaged when in or above water. (Stealth+)))
You have tentacles for arms and can constrict up to eight enemies at once.


Message History

You feel sick.
You feel sick.
You feel sick.
You feel sick.
You feel sick.
You are no longer poisoned.
j - 2 scrolls of teleportation (gained 1)
Found a stone staircase leading up.
A jelly comes into view.
A jelly is nearby!
A jelly is nearby!
The jelly quivers.
Sigmund and a wight come into view.
Sigmund is wielding a +0 scythe and carrying a wand of roots (9).
You see here 14 gold pieces.
Found 2 purple potions.
You tentacle-slap the jelly but do no damage.
The acid corrodes you!
Your tentacles burn!
You squeeze the jelly, but do no damage.
The jelly hits you. The acid corrodes you!
You are splashed with acid!
You completely miss the jelly. The jelly hits you. The acid corrodes you!
You are splashed with acid!
You are too injured to fight recklessly!
You tentacle-slap the jelly.
Your tentacles burn!
You squeeze the jelly.
The jelly is heavily wounded.
You tentacle-slap the jelly. The acid corrodes you!
Your tentacles burn!
The jelly is severely wounded.
The jelly hits you.
* * * LOW HITPOINT WARNING * * *
The acid corrodes you!
You are splashed with acid.
* * * LOW HITPOINT WARNING * * *
You tentacle-slap the jelly but do no damage.
Your tentacles burn!
* * * LOW HITPOINT WARNING * * *
You tentacle-slap the jelly, but do no damage.
The jelly is severely wounded.
The jelly hits you.
* * * LOW HITPOINT WARNING * * *
You are splashed with acid!
You die...

@## #.#......#.# ##.
...#. ##..........###..
.....##.......##..##..#
.....#.......####.###..
.....#......##.....##.#
...........##.....#... .
###........#.........
....##..$....#.......###
.......@....<#........
......J.....##.........
........................
#.......................
............#...........
.#..........##......####
##....##...# .# ....!
....


You could see a jelly.

Vanquished Creatures
  3 scorpions (D:5)
  A howler monkey (D:5)
  4 hounds
  Crazy Yiuf (D:3)
  3 iguanas
  An orc wizard (D:6)
  5 adders
  7 gnolls
  A shadow imp (D:5)
  2 white imps (D:5)
  2 ufetubi (D:4)
  2 worms
  A dart slug (D:5)
  7 orcs
  6 endoplasms
  4 giant cockroaches
  4 goblins
  6 hobgoblins
  7 kobolds
  3 quokkas
  6 ball pythons
  5 bats
  3 frilled lizards
  2 rats
86 creatures vanquished.

Notes
Turn   | Place    | Note
-------+----------+-------------------------------------------
     0 | D:1      | LustLizard the Octopode Berserker began the quest for the
                  | Orb.
     0 | D:1      | Reached XP level 1. HP: 16/16 MP: 1/1
   118 | D:1      | Reached XP level 2. HP: 14/21 MP: 2/2
   129 | D:1      | Reached skill level 1 in Stealth
  1513 | D:3      | Reached XP level 3. HP: 23/26 MP: 3/3
  1780 | D:3      | Found an opulent altar of Gozag.
  1810 | D:3      | Reached ** piety under Trog
  1839 | D:3      | Reached XP level 4. HP: 31/31 MP: 4/4
  1992 | D:3      | Found a runed translucent door.
  1993 | D:3      | Noticed Crazy Yiuf
  2018 | D:3      | Found Gethref's Distillery.
  2023 | D:3      | Bought a potion of degeneration for 13 gold pieces
  2023 | D:3      | Bought 2 potions of heal wounds for 130 gold pieces
  2294 | D:3      | Found a glowing silver altar of Zin.
  2337 | D:3      | Killed Crazy Yiuf
  2338 | D:3      | Reached skill level 4 in Unarmed Combat
  2479 | D:4      | Reached XP level 5. HP: 27/36 MP: 5/5
  3148 | D:5      | Entered Level 5 of the Dungeon
  3224 | D:5      | Reached XP level 6. HP: 20/43 MP: 6/6
  3408 | D:5      | Found a hide-covered altar of Uskayaw.
  3414 | D:5      | Reached skill level 5 in Unarmed Combat
  3688 | D:5      | Reached XP level 7. HP: 39/48 MP: 7/7
  3841 | D:5      | Reached *** piety under Trog
  4326 | D:6      | Found a transporter.
  4386 | D:6      | Noticed Sigmund
  4392 | D:6      | HP: 1/49 [jelly (2)]
  4392 | D:6      | Splashed by a jelly's acid

Illustrated notes

Levels and vault maps discovered:
D:1:      dreamdust_arrival_sigmund_warning, layout_rooms
D:2:      layout_basic, patterned_corridor
D:3:      layout_loops_ring, mainiacjoe_overflow_brackets,
          mainiacjoe_overflow_boulevard, serial_shops,
          nicolae_shop_hallway_stairs, dk_noncrumbling_2, nrook_mini_backslash,
          uniq_crazy_yiuf_cottage
D:4:      layout_rooms
D:5:      layout_basic, mainiacjoe_overflow_paths, minmay_misc_feat_room
D:6:      layout_cave_pools, fedhas_altar_2, minmay_temple_entry_arrows,
          gammafunk_ghost_stat_death, nicolae_nh_ransacked_shop, uniq_sigmund,
          uniq_prince_ribbit1

Skill      XL: |  1  2  3  4  5  6 |
---------------+-------------------+-----
Stealth        | 1 2 3 4 |  4.9
Unarmed Combat | 4 5 |  5.9
Dodging        | 4 |  4.7
Fighting       | 4 |  4.6

Action                     |  1- 3 |  4- 6 |  7- 9 || total
---------------------------+-------+-------+-------++-------
  Melee: Unarmed           |    74 |    81 |    40 ||   195
         Constrict         |    20 |    25 |    12 ||    57
         Tentacles         |    14 |    24 |    14 ||    52
         Punch             |     1 |     4 |     1 ||     6
  Throw: Stone             |       |     5 |       ||     5
 Invoke: Berserk           |       |       |     1 ||     1
    Use: Scroll            |     1 |     3 |       ||     4
   Stab: Sleeping          |    10 |    11 |     4 ||    25
         Distracted        |       |     1 |       ||     1
 Armour: Skin              |     6 |     2 |     3 ||    11
  Dodge: Dodged            |    38 |    41 |    15 ||    94
